| TOP OF THE 1ST |
|
Indianapolis Indians batting - Pitching for Oklahoma City 89ers : LHP Mark Langston
|
|
Pitching: LHP Mark Langston
|
|
|
Batting: SHB Julio Estrada
|
0-0: Ball 1-0: Fly out, F8 (Flyball, 8RD, EV 88.8 MPH)
|
|
Batting: RHB Robert Bonnette
|
0-0: Ball 1-0: Called Strike 1-1: Called Strike 1-2: Strikes out swinging
|
|
Batting: LHB Scott Radloff
|
0-0: Foul Ball, location: 2F 0-1: Called Strike 0-2: Ball 1-2: Foul Ball, location: 2F 1-2: Foul Ball, location: 2F 1-2: Ground out 6-3 (Groundball, 6, EV 102.5 MPH)
|
| Top of the 1st over - 0 runs, 0 hits, 0 errors, 0 left on base; Indianapolis 0 - Oklahoma City 0 |
| BOTTOM OF THE 1ST |
|
Oklahoma City 89ers batting - Pitching for Indianapolis Indians : RHP Ramon Beltran
|
|
Pitching: RHP Ramon Beltran
|
|
|
Batting: RHB James Glenn
|
0-0: Ball 1-0: Ball 2-0: Called Strike 2-1: Foul Ball, location: 2F 2-2: Strikes out swinging
|
|
Batting: RHB John Christensen
|
0-0: Ball 1-0: Ground out 6-3 (Groundball, 6, EV 88.8 MPH)
|
|
Batting: LHB Tom O'Malley
|
0-0: SOLO HOME RUN (Flyball, 9D, EV 91.9 MPH), Distance : 370 ft
|
|
Batting: RHB David Green
|
0-0: Called Strike 0-1: Foul Ball, location: 2F 0-2: Ball 1-2: Ball 2-2: Ball 3-2: Foul Ball, location: 2F 3-2: SINGLE (Flyball, 8LS, EV 86.9 MPH)
|
|
Batting: RHB Cecil Fielder
|
0-0: Ball 1-0: Ball David Green steals 2nd base 2-0: Foul Ball, location: 2F 2-1: Swinging Strike 2-2: SINGLE (Groundball, 4MD, EV 100.0 MPH) David Green to third Runner from 3rd tries for Home, SAFE, throw by CF to home Cecil Fielder to second
|
|
Batting: RHB Tim Tolman
|
0-0: Swinging Strike 0-1: Swinging Strike 0-2: Strikes out looking
|
| Bottom of the 1st over - 2 runs, 3 hits, 0 errors, 1 left on base; Indianapolis 0 - Oklahoma City 2 |
| TOP OF THE 2ND |
|
Indianapolis Indians batting - Pitching for Oklahoma City 89ers : LHP Mark Langston
|
|
Batting: RHB Luis Gonzalez
|
0-0: Ball 1-0: Foul Ball, location: 2F 1-1: Swinging Strike 1-2: Ball 2-2: Strikes out swinging
|
|
Batting: RHB Pat Rooney
|
0-0: Ball 1-0: Fly out, F4 (Line Drive, 4, EV 66.3 MPH)
|
|
Batting: RHB Bill Lindsey
|
0-0: Foul Ball, location: 2F 0-1: Foul Ball, location: 2F 0-2: Ball 1-2: Ball 2-2: Foul Ball, location: 2F 2-2: Ball 3-2: Foul Ball, location: 2F 3-2: Base on Balls
|
|
Batting: LHB Roberto Ruiz
|
0-0: Called Strike 0-1: Swinging Strike 0-2: Ball 1-2: Strikes out swinging
|
| Top of the 2nd over - 0 runs, 0 hits, 0 errors, 1 left on base; Indianapolis 0 - Oklahoma City 2 |
| BOTTOM OF THE 2ND |
|
Oklahoma City 89ers batting - Pitching for Indianapolis Indians : RHP Ramon Beltran
|
|
Batting: RHB Nick Esasky
|
0-0: Ball 1-0: Ball 2-0: Ball 3-0: Base on Balls
|
|
Batting: RHB Danny Jasso
|
0-0: Grounds into double play, 5-4-3 (Groundball, 56S, EV 84.4 MPH)
|
|
Batting: RHB Robert Bailey
|
0-0: Ball 1-0: Called Strike 1-1: Swinging Strike 1-2: Ball 2-2: Strikes out swinging, 2-3 out at first.
|
| Bottom of the 2nd over - 0 runs, 0 hits, 0 errors, 0 left on base; Indianapolis 0 - Oklahoma City 2 |
| TOP OF THE 3RD |
|
Indianapolis Indians batting - Pitching for Oklahoma City 89ers : LHP Mark Langston
|
|
Batting: RHB Steven Campbell
|
0-0: Called Strike 0-1: Ball 1-1: Foul Ball, location: 2F 1-2: Strikes out swinging
|
|
Batting: LHB David Bertulli
|
0-0: Ball 1-0: Called Strike 1-1: Ball 2-1: Called Strike 2-2: Ball 3-2: Ground out 5-3 (Groundball, 56S, EV 70.0 MPH)
|
|
Batting: SHB Julio Estrada
|
0-0: Foul Ball, location: 2F 0-1: Ball 1-1: SINGLE (Line Drive, 56, EV 96.3 MPH)
|
|
Batting: RHB Robert Bonnette
|
0-0: Ball 1-0: Fly out, F6 (Popup, 15, EV 79.4 MPH)
|
| Top of the 3rd over - 0 runs, 1 hit, 0 errors, 1 left on base; Indianapolis 0 - Oklahoma City 2 |
| BOTTOM OF THE 3RD |
|
Oklahoma City 89ers batting - Pitching for Indianapolis Indians : RHP Ramon Beltran
|
|
Batting: RHB James Glenn
|
0-0: Called Strike 0-1: Fly out, F2 (Popup, 23F, EV 80.6 MPH)
|
|
Batting: RHB John Christensen
|
0-0: Foul Ball, location: 2F 0-1: SINGLE (Flyball, 5D, EV 88.8 MPH)
|
|
Batting: LHB Tom O'Malley
|
0-0: Ball 1-0: Foul Ball, location: 2F 1-1: Foul Ball, location: 2F 1-2: SINGLE (Groundball, 3D, EV 105.6 MPH) John Christensen to second Runner from 2nd tries for 3rd, SAFE, throw by RF made to third
|
|
Batting: RHB David Green
|
0-0: Ball 1-0: Swinging Strike 1-1: Grounds into double play, 4-6-3 (Groundball, 4, EV 98.8 MPH)
|
| Bottom of the 3rd over - 0 runs, 2 hits, 0 errors, 1 left on base; Indianapolis 0 - Oklahoma City 2 |
| TOP OF THE 4TH |
|
Indianapolis Indians batting - Pitching for Oklahoma City 89ers : LHP Mark Langston
|
|
Batting: LHB Scott Radloff
|
0-0: Ground out 4-3 (Groundball, 4, EV 108.1 MPH)
|
|
Batting: RHB Luis Gonzalez
|
0-0: Fly out, F8 (Line Drive, 8RM, EV 88.8 MPH)
|
|
Batting: RHB Pat Rooney
|
0-0: Foul Ball, location: 2F 0-1: Ball 1-1: Ball 2-1: Foul Ball, location: 2F 2-2: SINGLE (Groundball, 34D, EV 104.4 MPH)
|
|
Batting: RHB Bill Lindsey
|
0-0: Called Strike 0-1: Fly out, F7 (Flyball, 7S, EV 88.8 MPH)
|
| Top of the 4th over - 0 runs, 1 hit, 0 errors, 1 left on base; Indianapolis 0 - Oklahoma City 2 |
| BOTTOM OF THE 4TH |
|
Oklahoma City 89ers batting - Pitching for Indianapolis Indians : RHP Ramon Beltran
|
|
Batting: RHB Cecil Fielder
|
0-0: Fly out, F8 (Flyball, 78D, EV 82.5 MPH)
|
|
Batting: RHB Tim Tolman
|
0-0: Foul Ball, location: 2F 0-1: TRIPLE (Flyball, 8LXD, EV 107.5 MPH)
|
|
Batting: RHB Nick Esasky
|
0-0: Called Strike 0-1: Foul Ball, location: 2F 0-2: Foul Ball, location: 2F 0-2: Ball 1-2: Ball 2-2: 2-RUN HOME RUN (Flyball, 78XD, EV 100.0 MPH), Distance : 423 ft
|
|
Batting: RHB Danny Jasso
|
0-0: Called Strike 0-1: Fly out, F8 (Flyball, 8RD, EV 85.0 MPH)
|
|
Batting: RHB Robert Bailey
|
0-0: Ball 1-0: Ground out 5-3 (Groundball, 56S, EV 66.3 MPH)
|
| Bottom of the 4th over - 2 runs, 2 hits, 0 errors, 0 left on base; Indianapolis 0 - Oklahoma City 4 |
| TOP OF THE 5TH |
|
Indianapolis Indians batting - Pitching for Oklahoma City 89ers : LHP Mark Langston
|
|
Batting: LHB Roberto Ruiz
|
0-0: Ball 1-0: SINGLE (Groundball, 4M, EV 102.5 MPH) (infield hit)
|
|
Batting: RHB Steven Campbell
|
0-0: Bunted foul 0-1: Bunt missed! 0-2: Foul Ball, location: 2F 0-2: Ball 1-2: Foul Ball, location: 2F 1-2: Strikes out swinging
|
|
Batting: LHB David Bertulli
|
0-0: Ball 1-0: DOUBLE (Line Drive, 9LM, EV 105.6 MPH) Roberto Ruiz to third
|
|
Batting: SHB Julio Estrada
|
0-0: SINGLE (Groundball, 4MD, EV 98.1 MPH) Roberto Ruiz scores David Bertulli to third Runner from 3rd tries for Home, SAFE, throw by CF to home
|
|
Batting: RHB Robert Bonnette
|
0-0: Ball 1-0: Fly out, F8 (Flyball, 89M, EV 84.4 MPH)
|
|
Batting: LHB Scott Radloff
|
0-0: Ball 1-0: Called Strike 1-1: Ball 2-1: Called Strike 2-2: Foul Ball, location: 2F 2-2: Ball 3-2: Base on Balls Julio Estrada to second
|
|
Batting: RHB Luis Gonzalez
|
0-0: Ball 1-0: Ball 2-0: Swinging Strike 2-1: Ball 3-1: Foul Ball, location: 2F 3-2: Strikes out looking
|
| Top of the 5th over - 2 runs, 3 hits, 0 errors, 2 left on base; Indianapolis 2 - Oklahoma City 4 |
| BOTTOM OF THE 5TH |
|
Oklahoma City 89ers batting - Pitching for Indianapolis Indians : RHP Ramon Beltran
|
|
Batting: RHB James Glenn
|
0-0: Fly out, F5 (Popup, 5F, EV 76.3 MPH)
|
|
Batting: RHB John Christensen
|
0-0: Ground out 4-3 (Groundball, 34D, EV 111.3 MPH)
|
|
Batting: LHB Tom O'Malley
|
0-0: Ball 1-0: Ground out 4-3 (Groundball, 4, EV 78.1 MPH)
|
| Bottom of the 5th over - 0 runs, 0 hits, 0 errors, 0 left on base; Indianapolis 2 - Oklahoma City 4 |
| TOP OF THE 6TH |
|
Indianapolis Indians batting - Pitching for Oklahoma City 89ers : LHP Mark Langston
|
|
Batting: RHB Pat Rooney
|
0-0: Called Strike 0-1: Ball 1-1: Foul Ball, location: 2F 1-2: Strikes out swinging
|
|
Batting: RHB Bill Lindsey
|
0-0: Fly out, F9 (Line Drive, 9, EV 105.0 MPH)
|
|
Batting: LHB Roberto Ruiz
|
0-0: Called Strike 0-1: SINGLE (Groundball, 34S, EV 66.3 MPH) (infield hit)
|
|
Batting: RHB Steven Campbell
|
0-0: Called Strike 0-1: Ball Wild Pitch! Roberto Ruiz to second 1-1: Ball 2-1: Ball 3-1: Reached on error, E6 (Groundball, 6D, EV 103.1 MPH) Roberto Ruiz to third
|
|
Batting: LHB David Bertulli
|
0-0: Ball 1-0: Fly out, F6 (Flyball, 5D, EV 83.1 MPH)
|
| Top of the 6th over - 0 runs, 1 hit, 1 error, 2 left on base; Indianapolis 2 - Oklahoma City 4 |
| BOTTOM OF THE 6TH |
|
Oklahoma City 89ers batting - Pitching for Indianapolis Indians : RHP Ramon Beltran
|
|
Batting: RHB David Green
|
0-0: Ball 1-0: Foul Ball, location: 2F 1-1: Swinging Strike 1-2: Ball 2-2: Foul Ball, location: 2F 2-2: Fly out, F8 (Flyball, 89D, EV 107.5 MPH)
|
|
Batting: RHB Cecil Fielder
|
0-0: Ball 1-0: Ball 2-0: Ball 3-0: Called Strike 3-1: Base on Balls
|
|
Batting: RHB Tim Tolman
|
0-0: Called Strike 0-1: Called Strike 0-2: Foul Ball, location: 2F 0-2: Ball 1-2: Fly out, F9 (Line Drive, 9, EV 92.5 MPH)
|
|
Batting: RHB Nick Esasky
|
0-0: Called Strike 0-1: Called Strike 0-2: Ball 1-2: Ball 2-2: Foul Ball, location: 2F 2-2: Ball 3-2: Fly out, F8 (Flyball, 78XD, EV 78.8 MPH)
|
| Bottom of the 6th over - 0 runs, 0 hits, 0 errors, 1 left on base; Indianapolis 2 - Oklahoma City 4 |
| TOP OF THE 7TH |
|
Indianapolis Indians batting - Pitching for Oklahoma City 89ers : LHP Mark Langston
|
|
Batting: SHB Julio Estrada
|
0-0: Ground out 3-1 (Groundball, 34, EV 81.3 MPH)
|
|
Batting: RHB Robert Bonnette
|
0-0: Called Strike 0-1: Ball 1-1: Swinging Strike 1-2: Fly out, F9 (Flyball, 89XD, EV 100.6 MPH)
|
|
Batting: LHB Scott Radloff
|
0-0: Ball 1-0: Foul Ball, location: 2F 1-1: Called Strike 1-2: Fly out, F9 (Flyball, 9D, EV 95.6 MPH)
|
| Top of the 7th over - 0 runs, 0 hits, 0 errors, 0 left on base; Indianapolis 2 - Oklahoma City 4 |
| BOTTOM OF THE 7TH |
|
Oklahoma City 89ers batting - Pitching for Indianapolis Indians : RHP Ramon Beltran
|
|
Batting: RHB Danny Jasso
|
0-0: Ground out 4-3 (Groundball, 4, EV 105.6 MPH)
|
|
Batting: RHB Robert Bailey
|
0-0: Foul Ball, location: 2F 0-1: Called Strike 0-2: Ball 1-2: SINGLE (Line Drive, 89M, EV 90.0 MPH)
|
|
Batting: RHB James Glenn
|
0-0: Ball 1-0: Ball 2-0: Ball 3-0: Called Strike 3-1: Base on Balls Robert Bailey to second
|
|
Batting: RHB John Christensen
|
0-0: Grounds into double play, 5-4-3 (Groundball, 5S, EV 81.9 MPH)
|
| Bottom of the 7th over - 0 runs, 1 hit, 0 errors, 1 left on base; Indianapolis 2 - Oklahoma City 4 |
| TOP OF THE 8TH |
|
Indianapolis Indians batting - Pitching for Oklahoma City 89ers : LHP Mark Langston
|
|
Batting: RHB Luis Gonzalez
|
0-0: Swinging Strike 0-1: Ball 1-1: Foul Ball, location: 2F 1-2: Ball 2-2: Strikes out swinging
|
|
Batting: RHB Pat Rooney
|
0-0: Called Strike 0-1: Ball 1-1: Ground out 6-3 (Groundball, 6, EV 81.3 MPH)
|
|
Batting: RHB Bill Lindsey
|
0-0: Called Strike 0-1: Foul Ball, location: 2F 0-2: Strikes out swinging
|
| Top of the 8th over - 0 runs, 0 hits, 0 errors, 0 left on base; Indianapolis 2 - Oklahoma City 4 |
| BOTTOM OF THE 8TH |
|
Oklahoma City 89ers batting - Pitching for Indianapolis Indians : RHP Ramon Beltran
|
|
Batting: LHB Tom O'Malley
|
0-0: Ball 1-0: Ball 2-0: Foul Ball, location: 2F 2-1: Foul Ball, location: 2F 2-2: Strikes out swinging
|
|
Batting: RHB David Green
|
0-0: Foul Ball, location: 2F 0-1: Ball 1-1: Fly out, F8 (Flyball, 8RXD, EV 84.4 MPH)
|
|
Batting: RHB Cecil Fielder
|
0-0: Ball 1-0: Foul Ball, location: 2F 1-1: Ball 2-1: Ball 3-1: Called Strike 3-2: Strikes out swinging
|
| Bottom of the 8th over - 0 runs, 0 hits, 0 errors, 0 left on base; Indianapolis 2 - Oklahoma City 4 |
| TOP OF THE 9TH |
|
Indianapolis Indians batting - Pitching for Oklahoma City 89ers : LHP Mark Langston
|
|
Pitching: RHP Ernie Camacho
|
|
|
Batting: LHB Roberto Ruiz
|
0-0: Swinging Strike 0-1: Ball 1-1: Ball 2-1: Ball 3-1: Base on Balls
|
|
Pinch Hitting: SHB Bobby Ball
|
0-0: Fielders Choice at 2nd, 4-6 (Groundball, 34, EV 82.5 MPH)
|
|
Pinch Hitting: LHB Kevin Schoendienst
|
0-0: Ball 1-0: Called Strike 1-1: Ball 2-1: SINGLE (Groundball, 25, EV 61.9 MPH) (infield hit) Bobby Ball to second
|
|
Batting: SHB Julio Estrada
|
0-0: Ball 1-0: Called Strike 1-1: Swinging Strike 1-2: Ball 2-2: Grounds into double play, 6-4-3 (Groundball, 6, EV 88.8 MPH)
|
| Top of the 9th over - 0 runs, 1 hit, 0 errors, 1 left on base; Indianapolis 2 - Oklahoma City 4 |
|